 Dungeon Crawl Stone Soup version 0.31-b1-18-g61460d1e46 (webtiles) character file.

Game seed: 16261700190848477581

123 groovy9 the Conjurer (level 4, -2/24 HPs)
             Began as a Deep Elf Conjurer on Jan 16, 2024.
             Slain by a goblin
             ... wielding a +0 dagger
             ... led by Robin
              (3 damage)
             ... on level 1 of the Dungeon.
             The game lasted 00:04:42 (1886 turns).

groovy9 the Conjurer (Deep Elf Conjurer)            Turns: 1886, Time: 00:04:42

Health: -2/24      AC:  4    Str:  4    XL:     4   Next: 79%
Magic:  4/12       EV: 12    Int: 25    God:
Gold:   65         SH:  0    Dex: 13    Spells: 9/12 levels left

rFire   . . .        c - +0 whip
rCold   . . .        (no shield)
rNeg    . . .        a - +0 robe
rPois   .            (no helmet)
rElec   .            (no cloak)
rCorr   .            (no gloves)
SInv    .            d - +1 pair of boots
Will    +....        (no amulet)
Stlth   ++           (no ring)
HPRegen 0.24/turn    (no ring)
MPRegen 0.13/turn

%: no passive effects
@: enlightened, flying
A: no striking features
a: no special abilities


You were on level 1 of the Dungeon.
You visited 1 branch of the dungeon, and saw 2 of its levels.

You collected 65 gold pieces.

Inventory:

Hand Weapons
 c - a +0 whip (weapon)
Armour
 a - a +0 robe (worn)
 b - a +2 ring mail of cold resistance
 d - a +1 pair of boots (worn)
Scrolls
 e - 2 scrolls of blinking {unknown}
 f - a scroll of enchant armour {unknown}
 g - 3 scrolls of identify {unknown}
 i - a scroll of enchant weapon {unknown}
 j - a scroll of teleportation {unknown}
 k - a scroll of butterflies {unknown}
 l - a scroll of acquirement {unknown}
 m - a scroll of fear {unknown}
Potions
 h - a potion of enlightenment
 n - a potion of brilliance {unknown}
 o - a potion of heal wounds {unknown}


   Skills:
 - Level 2.7 Dodging
 - Level 2.7 Stealth
 + Level 4.5 Spellcasting
 * Level 5.9 Conjurations


You had 9 spell levels left.
You knew the following spells:

 Your Spells              Type           Power      Damage    Failure   Level
a - Magic Dart            Conj           100%       1d8       1%          1
b - Searing Ray           Conj           70%        2d7       1%          2

Your spell library contained the following spells:

 Spells                   Type           Power      Damage    Failure   Level
 Fulminant Prism          Conj/Alch      10%        3d8       26%         4
 Iskenderun's Mystic Bla  Conj/Tloc      20%        2d6       26%         4


Dungeon Overview and Level Annotations

Branches:
Dungeon (2/15)

Altars:

Annotations:
D:2 Robin


Message History

You start resting.
Robin is nearby!
Okay, then.
Okay, then.
A goblin comes into view. It is wielding a +0 club.
The goblin shouts!
A goblin comes into view. It is wielding a +0 club.
Robin roars a battlecry!
The goblin goes into a battle-frenzy!
The goblin shouts!
The goblin no longer looks unusually strong. x2
Robin throws the goblin at you! Robin throws the goblin at you!
The goblin misses you. The goblin hits you with a +0 club.
The goblin attacks as it pursues you! The goblin barely misses you.
Robin roars a battlecry!
The goblins go into a battle-frenzy!
The goblin misses you. The goblin hits you with a +0 dagger.
There is a stone staircase leading up here.
The goblin hits you with a +0 dagger.
* * * LOW HITPOINT WARNING * * *
The goblin hits you with a +0 dagger.
* * * LOW HITPOINT WARNING * * *
The goblin barely misses you.
You climb upwards.
There is a stone staircase leading down here.
It was a potion of enlightenment.
You feel very buoyant.
You fly up into the air.
The goblin hits you but does no damage. The goblin barely misses you.
The goblin hits you with a +0 club.
* * * LOW HITPOINT WARNING * * *
You hit the goblin.
The goblin is moderately wounded.
The goblin completely misses you. The goblin barely misses you.
The goblin hits you but does no damage.
You barely miss the goblin.
The goblin is moderately wounded.
The goblin closely misses you. The goblin hits you with a +0 dagger.
You die...

....#8..(......8#......#.#..#⌠...
....###.......###......#.#..##...
......##.....##........#.#..##...
....#####...############.#..##...
######.#8...8######......+..#8...
.......##...##...#..####.#..##...
###.##.##...####...### #.#.......
.......##...##.g.g...###.#.....##
###.##.#8...8#..@g...............
#.##.##...##.......###.#.....##
#.###.#...#........# #.........
###.###.#...#........# #....##...
....#................# #.........
######...##.#........# #.########
#.##...##.#........# #.#....PPP
#.##...##.#........###.#.....♣.
#.#######.#........'...#PP..P.P


You could see 3 goblins.

Vanquished Creatures
  An orc priest (D:2)
  Terence (D:2)
  An adder (D:2)
  A ribbon worm (D:2)
  3 dart slugs
  2 orcs (D:2)
  3 ball pythons
  4 endoplasms
  3 giant cockroaches
  6 goblins
  6 hobgoblins
  4 jackals (D:2)
  3 bats
  2 frilled lizards (D:1)
  3 kobolds
  4 rats
47 creatures vanquished.

Notes
Turn   | Place    | Note
-------+----------+-------------------------------------------
     0 | D:1      | groovy9 the Deep Elf Conjurer began the quest for the Orb.
     0 | D:1      | Reached XP level 1. HP: 10/10 MP: 6/6
   112 | D:1      | Reached XP level 2. HP: 11/15 MP: 8/8
   616 | D:1      | Learned a level 2 spell: Searing Ray
  1068 | D:2      | Reached XP level 3. HP: 19/19 MP: 3/10
  1134 | D:2      | Reached skill level 5 in Conjurations
  1375 | D:2      | Noticed Terence
  1387 | D:2      | Killed Terence
  1506 | D:2      | Reached XP level 4. HP: 24/24 MP: 8/12
  1856 | D:2      | Noticed Robin
  1884 | D:1      | HP: 1/24 [goblin/+0 club[Robin] (2)]
  1886 | D:1      | Slain by a goblin

Illustrated notes

Levels and vault maps discovered:
D:1:      minmay_arrival_arboretum_small, layout_basic, serial_corexii_hall,
          corexii_hall_statues_l, chequers_hall_statues_y,
          chequers_hall_statues_y, corexii_hall_statues_t, grunt_decor_junction,
          amethyst_killhole
D:2:      cheibrodos_pilgrimage, layout_loops_cross, uniq_natasha, uniq_terence,
          uniq_robin

Skill      XL: |  1  2  3 |
---------------+----------+-----
Conjurations   | 5 |  5.9
Spellcasting   | 4 |  4.5
Dodging        | |  2.7
Stealth        | |  2.7

Action                     |  1- 3 |  4- 6 || total
---------------------------+-------+-------++-------
  Melee: Whip              |    14 |     2 ||    16
   Cast: Magic Dart        |    42 |     6 ||    48
         Searing Ray       |    11 |     8 ||    19
    Use: Potion            |     1 |     1 ||     2
 Armour: Robe              |    16 |     9 ||    25
  Dodge: Dodged            |     7 |     8 ||    15
